 Dungeon Crawl Stone Soup version 0.31-a0-851-g7ff8af7 (webtiles) character file.

Game seed: 5336134199502718165

618 BarneyGumball the Magician (level 7, -7/45 HPs)
             Began as a Djinni Fire Elementalist on Oct 6, 2023.
             Mangled by a wyvern (10 damage)
             ... on level 5 of the Dungeon.
             The game lasted 00:09:51 (3756 turns).

BarneyGumball the Magician (DjFE)                   Turns: 3756, Time: 00:09:51

Health: -7/45      AC:  6    Str:  6    XL:     7   Next: 74%
Gold:   227        EV: 12    Int: 17    God:
                   SH:  0    Dex: 15

rFire   + + .        b - +0 dagger
rCold   x . .        (no shield)
rNeg    + . .        a - +0 robe
rPois   ∞            (no helmet)
rElec   .            o - +2 ratskin cloak {*Rats rPois rN+ Str-1 Int-1 Dex+1}
rCorr   .            v - +0 pair of gloves
SInv    .            (boots unavailable)
Will    .....        (no amulet)
Stlth   ++           (no ring)
HPRegen 0.27/turn    (no ring)
MPRegen 0.00/turn

%: infuse magic (-8 HP)
@: flying
A: sickness immunity, fire resistance 2, cold vulnerability 1, float, innate
caster, HP casting, extra vitality 1
a: no special abilities


You were on level 5 of the Dungeon.
You visited 1 branch of the dungeon, and saw 5 of its levels.

You collected 227 gold pieces.

Inventory:

Hand Weapons
 b - a +0 dagger (weapon)
Missiles
 q - 5 poisoned darts
Armour
 a - a +0 robe (worn)
 i - an orb of light
 o - the +2 ratskin cloak (worn) {*Rats rPois rN+ Str-1 Int-1 Dex+1}
   (You found it on level 3 of the Dungeon)

   *Rats:     When the wearer is hurt, rats may emerge from it to assist them.
   Str-1:     It affects your strength (-1).
   Int-1:     It affects your intelligence (-1).
   Dex+1:     It affects your dexterity (+1).
   rPois:     It protects you from poison rN+: It protects you from negative
   energy.
 r - a +3 ring mail
 v - a +0 pair of gloves (worn)
Wands
 j - a wand of charming (3)
 k - a wand of roots (5)
Scrolls
 c - 2 scrolls of teleportation {unknown}
 d - 3 scrolls of immolation {unknown}
 f - 3 scrolls of identify
 g - a scroll of fog {unknown}
 m - a scroll of torment {unknown}
 s - a scroll of revelation {unknown}
 w - a scroll of amnesia {unknown}
Potions
 e - a potion of invisibility {unknown}
 h - 2 potions of haste {unknown}
 l - 2 potions of attraction {unknown}
 n - 2 potions of magic {unknown}
 p - a potion of heal wounds {unknown}
 t - 2 potions of mutation
 u - a potion of might {unknown}


   Skills:
 - Level 2.1 Dodging
 - Level 1.5 Stealth
 + Level 6.5 Spellcasting
 + Level 6.5 Conjurations
 + Level 6.5 Hexes
 + Level 6.5 Summonings
 + Level 6.5 Necromancy
 + Level 6.5 Translocations
 + Level 6.5 Transmutations
 + Level 6.5 Fire Magic
 + Level 6.5 Ice Magic
 + Level 6.5 Air Magic
 + Level 6.5 Earth Magic
 + Level 6.5 Poison Magic


You knew the following spells:

 Your Spells              Type           Power      Damage    Failure   Level
a - Foxfire               Conj/Fire      100%       2x1d9     1%          1
b - Scorch                Fire           54%        2d7       1%          2
c - Volatile Blastmotes   Fire/Tloc      54%        2d14      2%          3
d - Inner Flame           Hex/Fire       27%        N/A       2%          3
e - Flame Wave            Conj/Fire      27%        2d9       9%          4
f - Magic Dart            Conj           100%       1d8       1%          1
g - Ensorcelled Hibernat  Hex/Ice        54%        N/A       1%          2
h - Lesser Beckoning      Tloc           54%        N/A       1%          2
Your spell library was empty.

Dungeon Overview and Level Annotations

Branches:
Dungeon (5/15)
 Temple: D:4-7

Altars:
Cheibriados
Fedhas
Gozag
Uskayaw

Annotations:
D:4 3 runed translucent doors, exclusion: 3 doors, ooops's ghost, amateur OpCj


Innate Abilities, Weirdness & Mutations

You are immune to sickness and miasma.
You are immune to poison.
Your flesh is very heat resistant. (rF++)
You are vulnerable to cold. (rC-)
You float through the air rather than walking.
You learn spells naturally, not from books.
Your magical power is your life essence.
You have superior vitality. (+4 MHP)


Message History

The wyvern hisses angrily.
Casting: Ensorcelled Hibernation (safe; 1% risk of failure)
Confirm with . or Enter, or press ? or * to list all spells.
Aiming: Ensorcelled Hibernation (safe; 1% risk of failure)
Press: ? - help, Shift-Dir - straight line, f - you, p - wyvern That would be overly suicidal.
Okay, then.
Casting: Ensorcelled Hibernation (safe; 1% risk of failure)
Confirm with . or Enter, or press ? or * to list all spells.
Okay, then.
Casting: Ensorcelled Hibernation (safe; 1% risk of failure)
Confirm with . or Enter, or press ? or * to list all spells.
Flames lash the wyvern.
The wyvern is moderately wounded.
The wyvern's fire resistance burns away.
The wyvern bites you but does no damage.
Casting: Scorch (safe; 1% risk of failure)
Confirm with . or Enter, or press ? or * to list all spells.
You conjure some foxfire!
The wyvern bites you!
The wyvern bites you but does no damage.
Casting: Foxfire (safe; 1% risk of failure)
Confirm with . or Enter, or press ? or * to list all spells.
Okay, then.
Casting: Foxfire (safe; 1% risk of failure)
Confirm with . or Enter, or press ? or * to list all spells.
Aiming: Inner Flame (dangerous; 2% risk of failure)
Press: ? - help, Dir - move target, f - wyvern
Aim: a wyvern (moderately wounded, more vulnerable to fire, ally target, chance to affect: 82%)
The wyvern barely resists.
The foxfire hits the wyvern.
The wyvern is burned terribly!
The wyvern is heavily wounded.
The wyvern bites you!
* * * LOW HITPOINT WARNING * * *
Okay, then.
Okay, then.
As you read the scroll labelled EFFOEF MOFOM, it crumbles to dust.
It is a scroll of identify.
t - 2 potions of mutation The wyvern closely misses you.
The wyvern bites you!
You die... ......##...
P.P

.....##..P♣♣P.P ♣P
P...##..♣P.P♣P .
.P♣♣P..♣♣............. .
(P♣♣.~.♣♣...##.......
....P..~~~..P..##...<> .
##...P~~8~~P...##..###....
#...PP.~~~.PP..v@l........
<#..P♣♣.~.♣♣...####.......
.....♣♣PPP♣♣...# .......
.#..P..PP......# #.....#
...............# .....#
...............# ..?..#
..#....)...#.### ...#.
...............# #..#
................


You could see a wyvern (combustible, ally target).

Vanquished Creatures
  Grinder (D:4)
  3 killer bees (D:4)
  Jessica (D:2)
  An iguana (D:4)
  Terence (D:2)
  4 gnolls
  5 adders
  An ufetubus (D:5)
  A worm (D:4)
  2 dart slugs
  An orc (D:5)
  9 bats
  4 endoplasms
  3 giant cockroaches
  10 goblins
  9 hobgoblins
  8 quokkas
  7 ball pythons
  4 frilled lizards
  12 kobolds
  8 rats
95 creatures vanquished.

Vanquished Creatures (collateral kills)
  A killer bee (D:4)
1 creature vanquished.

Vanquished Creatures (others)
  304 foxfires
304 creatures vanquished.

Grand Total: 400 creatures vanquished

Notes
Turn   | Place    | Note
-------+----------+-------------------------------------------
     0 | D:1      | BarneyGumball the Djinni Fire Elementalist began the quest
                  | for the Orb.
     0 | D:1      | BarneyGumball set off with the following spells memorised:
                  | Foxfire, Scorch, Volatile Blastmotes, Inner Flame, Flame
                  | Wave.
     0 | D:1      | Reached XP level 1. HP: 15/15 MP: 0/0
   130 | D:1      | Reached XP level 2. HP: 20/21 MP: 0/0
   324 | D:1      | Reached XP level 3. HP: 22/25 MP: 0/0
   324 | D:1      | Learned a level 1 spell: Magic Dart
  1116 | D:2      | Noticed Terence
  1125 | D:2      | Killed Terence
  1126 | D:2      | Reached XP level 4. HP: 3/31 MP: 0/0
  1529 | D:2      | Found a snail-covered altar of Cheibriados.
  1538 | D:2      | Noticed Jessica
  1541 | D:2      | Killed Jessica
  1542 | D:2      | Reached XP level 5. HP: 31/35 MP: 0/0
  1542 | D:2      | Learned a level 2 spell: Ensorcelled Hibernation
  2020 | D:3      | Found a blossoming altar of Fedhas.
  2066 | D:3      | Found a hide-covered altar of Uskayaw.
  2097 | D:3      | Found an opulent altar of Gozag.
  2229 | D:3      | Found the +2 ratskin cloak {*Rats rPois rN+ Str-1 Int-1
                  | Dex+1}
  2735 | D:4      | Reached skill level 5 in Spellcasting
  2735 | D:4      | Reached skill level 5 in Conjurations
  2735 | D:4      | Reached skill level 5 in Hexes
  2735 | D:4      | Reached skill level 5 in Summonings
  2735 | D:4      | Reached skill level 5 in Necromancy
  2735 | D:4      | Reached skill level 5 in Translocations
  2735 | D:4      | Reached skill level 5 in Transmutations
  2735 | D:4      | Reached skill level 5 in Fire Magic
  2735 | D:4      | Reached skill level 5 in Ice Magic
  2735 | D:4      | Reached skill level 5 in Air Magic
  2735 | D:4      | Reached skill level 5 in Earth Magic
  2735 | D:4      | Reached skill level 5 in Poison Magic
  2735 | D:4      | Reached XP level 6. HP: 39/40 MP: 0/0
  2850 | D:4      | Found a runed translucent gate.
  2850 | D:4      | Found a runed translucent gate.
  2850 | D:4      | Found a runed translucent gate.
  2858 | D:4      | Noticed Grinder
  2867 | D:4      | Killed Grinder
  2868 | D:4      | Reached XP level 7. HP: 18/45 MP: 0/0
  2868 | D:4      | Learned a level 2 spell: Lesser Beckoning
  2972 | D:4      | Identified the +9 hand axe of Beogh's Esteem {antimagic,
                  | rF- Int+8 Dex-4}
  3606 | D:4      | Noticed ooops's ghost (amateur OpCj)
  3670 | D:5      | Entered Level 5 of the Dungeon
  3746 | D:5      | Noticed a wyvern
  3756 | D:5      | Mangled by a wyvern

Illustrated notes

Levels and vault maps discovered:
D:1:      erik_arrival_cave_to_civilisation [erik_arrival_cave_to_hall],
          layout_basic, kennysheep_crisscross
D:2:      layout_rooms, basic_altar, grunt_ministairs_3,
          minmay_misc_feat_more_columns, minmay_distorted, uniq_jessica,
          uniq_terence
D:3:      layout_rooms, nicolae_overflow_quartered_altars, serial_corexii_hall,
          chequers_hall_statues_y, chequers_hall_statues_wall_a,
          corexii_hall_statues_l, chequers_hall_statues_y,
          corexii_hall_statues_t, corexii_hall_statues_deadend
D:4:      layout_loops_ring, gammafunk_ghost_icy, kennysheep_generic_room_7,
          uniq_grinder
D:5:      layout_cave_pools, overflow_temple_1_default,
          minmay_temple_entry_wispy, serial_park, serial_park_tiny_2,
          serial_park_square3 [serial_park_minivault_5x5_2], serial_park_tiny_2,
          serial_park_square1 [serial_park_minivault_5x5_2], serial_park_tiny_2,
          serial_park_square1 [serial_park_minivault_5x5_7], uniq_ijyb

Skill      XL: |  1  2  3  4  5  6  7 |
---------------+----------------------+-----
Spellcasting   | 4 5 6 |  6.5
Conjurations   | 4 5 6 |  6.5
Hexes          | 4 5 6 |  6.5
Summonings     | 4 5 6 |  6.5
Necromancy     | 4 5 6 |  6.5
Translocations | 4 5 6 |  6.5
Transmutations | 4 5 6 |  6.5
Fire Magic     | 4 5 6 |  6.5
Ice Magic      | 4 5 6 |  6.5
Air Magic      | 4 5 6 |  6.5
Earth Magic    | 4 5 6 |  6.5
Poison Magic   | 4 5 6 |  6.5
Dodging        | |  2.1
Stealth        | |  1.5

Action                     |  1- 3 |  4- 6 |  7- 9 || total
---------------------------+-------+-------+-------++-------
  Melee: Dagger            |     5 |     2 |       ||     7
   Cast: Foxfire           |    51 |    84 |    43 ||   178
         Scorch            |     1 |     5 |     3 ||     9
         Ensorcelled Hiber |       |       |     3 ||     3
         Inner Flame       |       |       |     1 ||     1
    Use: Scroll            |       |       |     1 ||     1
 Armour: Robe              |     7 |     5 |    14 ||    26
  Dodge: Dodged            |     4 |     8 |     6 ||    18

Table legend: (Time is in decaauts)
 A = Elapsed time spent in this place.
 B = Non-inter-level travel time spent in this place.
 C = Inter-level travel time spent in this place.
 D = Time resting spent in this place.
 E = Time spent auto-exploring this place.
 F = Levels seen in this place.
 G = Mean time per level.
                   A        B        C        D        E       F      G
               +--------+--------+--------+--------+--------+-----+--------+
         Total |   3754 |   3617 |    137 |    119 |   2885 |   5 |  750.8 |
       Dungeon |   3754 |   3617 |    137 |    119 |   2885 |   5 |  750.8 |
               +--------+--------+--------+--------+--------+-----+--------+

Top non-repeatable levels by time:
     D:1: 1115 daAuts
     D:4: 963 daAuts
     D:2: 811 daAuts
     D:3: 777 daAuts
     D:5: 85 daAuts
